 Dungeon Crawl Stone Soup version 0.30-a0-585-g93115170b9 (webtiles) character file.

Game seed: 1766005468141001148

2554 lunkers the Geomancer (level 10, -4/78 HPs)
             Began as a Meteoran Earth Elementalist on Jan 2, 2023.
             Was a Believer of Vehumet.
             Slain by a kobold brigand
             ... wielding a +0 dagger
              (6 damage)
             ... on level 7 of the Dungeon.
             The game lasted 00:08:15 (3193 turns).

lunkers the Geomancer (Meteoran Earth Elementalist) Turns: 3193, Time: 00:08:16

Health: -4/78      AC:  7    Str:  9    XL:     10   Next: 11%
Magic:  15/21      EV: 14    Int: 22    God:    Vehumet [**....]
Gold:   225        SH:  0    Dex: 15    Spells: 13/23 levels left

rFire   . . .      SeeInvis .    f - +2 dagger (elec)
rCold   . . .      Faith    .    e - orb {mayhem}
rNeg    . . .      Spirit   .    p - +0 steam dragon scales
rPois   .          Reflect  .    l - +1 helmet
rElec   .          Harm     .    r - scarf {shadows}
rCorr   .          Rampage  .    (no gloves)
Will    +....                    (no boots)
Stlth   +                        (no amulet)
HPRegen 0.33/turn                (no ring)
MPRegen 0.17/turn                (no ring)

@: about to teleport, slowed, glowing, very slow
A: sense surroundings 2, otherworldly, glowing, explore regen
a: Renounce Religion


You were on level 7 of the Dungeon.
You worshipped Vehumet.
Vehumet was pleased with you.
You visited 1 branch of the dungeon, and saw 7 of its levels.

You collected 225 gold pieces.

Inventory:

Hand Weapons
 f - a +2 dagger of electrocution (weapon)
 g - a +4 dagger
Armour
 a - a +0 robe
 d - a +0 cloak
 e - an orb of mayhem (worn)
 l - a +1 helmet (worn)
 p - +0 steam dragon scales (worn)
 r - a scarf of shadows (worn)
Magical Staves
 n - a staff of cold
Scrolls
 i - a scroll of teleportation
 s - 2 scrolls of magic mapping
Potions
 b - a potion of magic
 c - a potion of experience {unknown}
 h - a potion of heal wounds {unknown}
 j - 2 potions of flight {unknown}
 k - 2 potions of attraction
 m - a potion of curing
 o - a potion of might {unknown}
 q - a potion of haste {unknown}


   Skills:
 * Level 3.9 Fighting
 * Level 5.1 Dodging
 - Level 1.4 Stealth
 + Level 7.2 Spellcasting
 + Level 8.4 Conjurations
 - Level 1.2 Transmutations
 - Level 9.1 Earth Magic


You had 13 spell levels left.
You knew the following spells:

 Your Spells              Type           Power      Damage    Failure   Level
a - Stone Arrow           Conj/Erth      92%        3d12      1%          3
b - Passwall              Tmut/Erth      25%        N/A       1%          2
c - Sandblast             Erth           96%        2d20      1%          1
d - Petrify               Tmut/Erth      30%        N/A       10%         4

Your spell library contained the following spells:

 Spells                   Type           Power      Damage    Failure   Level
 Scorch                   Fire           14%        2d6       12%         2
 Momentum Strike          Conj/Tloc      52%        3d9       2%          2
 Wereblood                Tmut           13%        N/A       8%          2
 Blink                    Tloc           14%        N/A       12%         2
 Ensorcelled Hibernation  Hex/Ice        14%        N/A       12%         2
 Sublimation of Blood     Necr           7%         N/A       12%         2
 Spider Form              Tmut/Pois      10%        N/A       19%         3
 Lesser Beckoning         Tloc           14%        N/A       24%         3
 Anguish                  Hex/Necr       3%         N/A       63%         4
 Summon Hydra             Summ           3%         N/A       100%        7


Dungeon Overview and Level Annotations

Branches:
Dungeon (7/15) Zot: 930
 Temple: D:4-7

Altars:
Ashenzari
Dithmenos
Sif Muna
Trog
Vehumet
Wu Jian
Yredelemnul


Innate Abilities, Weirdness & Mutations

You passively map the area around you.
You are easily found by Zot.
You glow in the dark.
You regain HP and MP as you explore.


Message History

* * * LOW HITPOINT WARNING * * *
You feel yourself slow down.
Items here: (( ))) †.
An iguana comes into view.
You feel very sick.
The iguana hisses angrily.
The kobold brigand throws a curare-tipped dart.
The curare-tipped dart hits you.
You are more poisoned.
You have difficulty breathing.
* * * LOW HITPOINT WARNING * * *
You feel as though you will be slow longer.
Casting: Stone Arrow (safe; 1% risk of failure)
Confirm with . or Enter, or press ? or * to list all spells.
Aiming: Stone Arrow (safe; 1% risk of failure)
Press: ? - help, Shift-Dir - straight line, f - gnoll
Aim: a gnoll, wielding a +0 flail (79% to hit)
The stone arrow hits the gnoll!!
You kill the gnoll!
Vehumet accepts your kill.
You feel your power returning.
The kobold flies into a frenzy!
* * * LOW HITPOINT WARNING * * *
You feel extremely sick.
The kobold hits the gnoll with a +0 whip!
The kobold shouts!
You feel better.
The kobold barely misses the gnoll.
The kobold brigand hits you with a +0 dagger!
* * * LOW HITPOINT WARNING * * *
The gnoll hits you from afar with a +0 halberd!
* * * LOW HITPOINT WARNING * * *
The kobold barely misses the gnoll.
The iguana bites you.
* * * LOW HITPOINT WARNING * * *
The gnoll hits you but does no damage. The kobold brigand misses you.
As you read the scroll of teleportation, it crumbles to dust.
You feel strangely unstable.
The kobold hits the gnoll with a +0 whip.
The gnoll dies!
Vehumet accepts your kill.
The kobold brigand hits you with a +0 dagger.
You die...

#....##...# #.........##
#..........## #...........#
............######
.................#
...........###...##**##
...^..#...##*##l..#,..#
##...###.##,,,##@#....#
*.......**,∩,*#K#....#*****
**......,**,,,*#K......,**,**
,*,....,,,*,,,#).#.....**,,,****
,,,,,,,,,,,,,....##....,,,,,*,,*
,*,,,,,,,,,.g.....,....,<,,,,,,**
***,,,,,,,..).....,,...,,,,,,,,,*
*,*,,,,,,,.........,,!#,,,,,,,,,*
,,,,,,,,,,.........,,**,,,,,,,*,*


You could see a kobold brigand, an iguana and a neutral kobold (fast, strong,
insane, distracted).

Vanquished Creatures
  Maggie (D:6)
  5 yaks
  2 water moccasins
  An orc warrior (D:7)
  An ice beast (D:7)
  An ogre (D:5)
  3 centaurs
  2 bullfrogs
  A scorpion (D:5)
  A killer bee (D:6)
  An electric eel (D:7)
  A hound (D:5)
  3 jellies
  2 orc priests (D:7)
  A gnoll bouda (D:7)
  2 iguanas
  3 orc wizards
  Robin (D:2)
  3 gnolls (D:7)
  6 adders
  A shadow imp (D:7)
  An ufetubus (D:5)
  A worm (D:2)
  2 dart slugs
  10 orcs
  7 bats
  3 endoplasms
  2 giant cockroaches (D:4)
  12 goblins
  5 hobgoblins
  4 jackals (D:1)
  2 quokkas
  3 ball pythons
  4 frilled lizards
  11 kobolds
  4 rats
113 creatures vanquished.

Vanquished Creatures (collateral kills)
  An ice beast (D:6)
  An ogre (D:6)
  2 gnolls (D:7)
  2 orcs (D:5)
  3 goblins (D:2)
  2 hobgoblins (D:2)
  A rat (D:2)
12 creatures vanquished.

Vanquished Creatures (others)
  An orc wizard (D:5)
  A gnoll (D:7)
  A goblin (D:2)
  A kobold (D:7)
4 creatures vanquished.

Grand Total: 129 creatures vanquished

Notes
Turn   | Place    | Note
-------+----------+-------------------------------------------
     0 | D:1      | lunkers the Meteoran Earth Elementalist began the quest for
                  | the Orb.
     0 | D:1      | Reached XP level 1. HP: 14/14 MP: 5/5
   145 | D:1      | Reached XP level 2. HP: 20/20 MP: 4/6
   155 | D:1      | Reached skill level 4 in Earth Magic
   224 | D:1      | Reached XP level 3. HP: 13/26 MP: 0/8
   252 | D:1      | Learned a level 2 spell: Passwall
   256 | D:1      | Learned a level 3 spell: Stone Arrow
   488 | D:1      | Glimpsed the power of Zot.
   619 | D:2      | Noticed Robin
   636 | D:2      | Reached skill level 1 in Conjurations
   647 | D:2      | Reached XP level 4. HP: 29/33 MP: 3/10
   676 | D:2      | Killed Robin
   985 | D:2      | Reached skill level 5 in Earth Magic
  1126 | D:3      | Found a radiant altar of Vehumet.
  1130 | D:3      | Found a bloodstained altar of Trog.
  1144 | D:3      | Became a worshipper of Vehumet
  1377 | D:3      | Found an ornate altar of the Wu Jian Council.
  1457 | D:3      | Found a broken altar of Ashenzari.
  1461 | D:3      | Saw a vision of the Swamp and the Snake Pit.
  1461 | D:3      | Noticed a naga warrior
  1461 | D:3      | Noticed a goliath frog
  1461 | D:3      | Noticed a black mamba
  1461 | D:3      | Noticed a naga sharpshooter
  1461 | D:3      | Noticed a bog body
  1461 | D:3      | Noticed a naga warrior
  1461 | D:3      | Noticed a spriggan rider
  1461 | D:3      | Noticed a bloated husk
  1461 | D:3      | Noticed an anaconda
  1461 | D:3      | Noticed a mana viper
  1461 | D:3      | Noticed a naga warrior
  1462 | D:3      | Noticed a mana viper
  1462 | D:3      | Noticed a will-o-the-wisp
  1466 | D:3      | Noticed a five-headed hydra
  1480 | D:3      | Reached XP level 5. HP: 38/38 MP: 9/11
  1770 | D:4      | Found a shadowy altar of Dithmenos.
  1789 | D:4      | Reached XP level 6. HP: 45/45 MP: 10/12
  2017 | D:5      | Entered Level 5 of the Dungeon
  2017 | D:5      | Noticed an ogre
  2017 | D:5      | Noticed a centaur
  2020 | D:5      | Killed a centaur
  2020 | D:5      | Noticed a yak
  2021 | D:5      | Reached skill level 6 in Earth Magic
  2067 | D:5      | Noticed a yak
  2069 | D:5      | Reached * piety under Vehumet
  2069 | D:5      | Offered knowledge of Kiss of Death by Vehumet.
  2069 | D:5      | Noticed a yak
  2070 | D:5      | Reached XP level 7. HP: 34/50 MP: 10/14
  2071 | D:5      | Noticed a yak
  2225 | D:5      | Noticed a water moccasin
  2231 | D:4      | Killed a water moccasin
  2232 | D:4      | Reached skill level 5 in Conjurations
  2315 | D:5      | Noticed a yak
  2321 | D:4      | Reached skill level 5 in Spellcasting
  2321 | D:4      | Reached skill level 7 in Earth Magic
  2378 | D:4      | Killed a yak
  2379 | D:4      | Reached XP level 8. HP: 27/57 MP: 6/16
  2484 | D:5      | Killed a yak
  2485 | D:5      | Reached skill level 8 in Earth Magic
  2487 | D:5      | Killed a yak
  2496 | D:4      | Killed a yak
  2497 | D:4      | Gained mutation: You passively map the area around you.
                  | [Meteoran growth]
  2497 | D:4      | Reached XP level 9. HP: 49/62 MP: 3/19
  2803 | D:5      | Reached skill level 9 in Earth Magic
  2825 | D:6      | Learned a level 4 spell: Petrify
  2826 | D:6      | Found the +8 orange crystal plate armour {Archmagi, Int+3
                  | Clar}
  2857 | D:6      | Found a shimmering blue altar of Sif Muna.
  2862 | D:6      | Noticed Maggie
  2867 | D:6      | Reached skill level 1 in Fighting
  2880 | D:6      | Killed Maggie
  2880 | D:6      | Offered knowledge of Scorch by Vehumet.
  2903 | D:6      | Reached ** piety under Vehumet
  2992 | D:7      | Reached XP level 10. HP: 37/77 MP: 13/21
  3015 | D:7      | Reached skill level 5 in Dodging
  3080 | D:7      | Found a basalt altar of Yredelemnul.
  3192 | D:7      | HP: 2/78 [iguana (6)]
  3193 | D:7      | Slain by a kobold brigand

Illustrated notes

Levels and vault maps discovered:
D:1:      amcnicky_arrival_double_pillar, layout_basic
D:2:      layout_loops_ring, minmay_liquid_box, uniq_robin
D:3:      layout_loops_ring, nicolae_wu_jian_wuxing_cycle,
          grunt_ashenzari_visionary [grunt_ashenzari_visionary_swamp,
          grunt_ashenzari_visionary_snake], grunt_temple_overflow_open
D:4:      layout_loops_ring, mainiacjoe_overflow_paths, kennysheep_potato
D:5:      layout_loops_ring
D:6:      layout_cave_pools, lemuel_coloured_pillars_altar,
          nicolae_sif_muna_condensation, amcnicky_altar_gilded,
          minmay_temple_entry_sparse_star, st_stairs_1, uniq_maggie,
          uniq_duvessa
D:7:      layout_cave_pools, kennysheep_ying_yang, mainiacjoe_overflow_catwalk,
          serial_gnoll_camp, gnoll_camp_mini_hut, gnoll_camp_medium_02,
          gnoll_camp_huts_moat, gnoll_camp_mini_shop

Skill      XL: |  1  2  3  4  5  6  7  8  9 10 |
---------------+-------------------------------+-----
Earth Magic    | 4 5 6 7 8 9 |  9.1
Spellcasting   | 3 4 5 6 7 |  7.2
Conjurations   | 1 2 3 4 5 7 8 |  8.4
Fighting       | 3 |  3.9
Dodging        | 4 5 |  5.1
Stealth        | |  1.4
Transmutations | |  1.2

Action                   |  1- 3 |  4- 6 |  7- 9 | 10-12 || total
-------------------------+-------+-------+-------+-------++-------
Melee: Unarmed           |     2 |       |       |       ||     2
       Punch             |     1 |       |       |       ||     1
       Dagger            |     1 |       |    11 |     8 ||    20
 Cast: Sandblast         |    37 |    53 |    44 |     5 ||   139
       Stone Arrow       |       |       |    34 |     9 ||    43
  Use: Scroll            |       |     9 |     2 |     2 ||    13
       Potion            |       |       |     1 |     1 ||     2
Armor: Robe              |    14 |     6 |    22 |       ||    42
       Steam dragon scal |       |       |     7 |     3 ||    10
Dodge: Dodged            |    16 |    10 |    46 |    12 ||    84

Table legend: (Time is in decaauts)
 A = Elapsed time spent in this place.
 B = Non-inter-level travel time spent in this place.
 C = Inter-level travel time spent in this place.
 D = Time resting spent in this place.
 E = Time spent auto-exploring this place.
 F = Levels seen in this place.
 G = Mean time per level.
                   A        B        C        D        E       F      G
               +--------+--------+--------+--------+--------+-----+--------+
         Total |   3268 |   2825 |    443 |      0 |   1950 |   7 |  466.9 |
       Dungeon |   3268 |   2825 |    443 |      0 |   1950 |   7 |  466.9 |
               +--------+--------+--------+--------+--------+-----+--------+

Top non-repeatable levels by time:
     D:4: 902 daAuts
     D:2: 546 daAuts
     D:1: 531 daAuts
     D:3: 457 daAuts
     D:5: 447 daAuts
     D:7: 262 daAuts
     D:6: 120 daAuts
